[Event "*** Titled Tuesday Blitz"]
[Site "Chess.com"]
[Date "2019.12.03"]
[Round "8"]
[White "NemtsevIgor"]
[Black "Bad4life"]
[Result "1-0"]
[WhiteElo "2333"]
[BlackElo "2389"]
[TimeControl "180+2"]
[EndTime "14:55:13 PST"]
[Termination "NemtsevIgor won by resignation"]

1. d3 Nf6 2. g3 d5 3. Nf3 e6 4.
Bg2 Be7 5. O-O O-O 6. Nbd2 c5 7. e4 Nc6 8. Re1 Qc7 9. e5 Nd7 10. Qe2 b5 11. Nf1 Bb7 12. Bf4 Rfc8 13. h4 Qd8 14.
N1h2 Qf8 15. Ng4 a5 16. h5 h6 17. Qd2 d4 18. Nxh6+ gxh6 19. Bxh6 Qd8 20. Ng5 Ndxe5 21. Rxe5 Nxe5 22. Bxb7 Rab8 23. Be4 f5 24. Bg2 Rb6 25.
Re1 Bf6 26. Nh3 Qe8 27. Bf4 Ng4 28. h6 Qh5 29. c3 e5 30. Bg5 Bxg5 31. Qxg5+ Qxg5 32. Nxg5 Rxh6 33. Bd5+ Kf8 34. c4 bxc4 35. Bxc4 Rb8 36.
b3 Ke7 37. Bd5 Rg6 38. Nf3 Kd6 39. Nh4 Rf6 40. Bf3 Rg8 41. Kg2 f4 42. Bxg4 Rxg4 43.
Kf3 Rg8 44. g4 Ra8 45. Nf5+ Ke6 46. Rc1 Rc8 47. Ke4 Rg6 48. f3 Rc7 49. Rh1 Kd7 50.
Kxe5 Re6+ 51. Kxf4 Re2 52. g5 Rc6 53. Rh7+ Ke8 54.
Ng3 Rxa2 55. Ne4 Rb2 56. Kf5 Rxb3 57. g6 Rb5 58. Nf6+ Kd8 59. g7 c4+ 60. Kg6 Rxf6+ 61.
Kxf6 Rb6+ 62. Ke5 Rg6 63. Rh8+ Kc7 64. g8=Q Rxg8 65. Rxg8 c3 66. Kxd4 c2 67. Rg1 1-0

[Event "*** Titled Tuesday Blitz"]
[Site "Chess.com"]
[Date "2019.12.03"]
[Round "8"]
[White "2165149677570"]
[Black "vovachesss"]
[Result "1-0"]
[WhiteElo "2365"]
[BlackElo "2539"]
[TimeControl "180+2"]
[EndTime "14:55:17 PST"]
[Termination "2165149677570 won by resignation"]

1. d4 d5 2. c4 e6 3. Nf3 Nf6 4. g3 dxc4 5. Bg2 c6 6. O-O Be7 7. Ne5 O-O 8. Nc3 Nbd7 9. Nxc4 c5 10. d5 exd5 11. Nxd5 Nxd5 12. Qxd5 Nb6 13. Qxd8 Rxd8 14.
Nxb6 axb6 15. Bf4 Be6 16. Bxb7 Rxa2 17. Rxa2 Bxa2 18. Ra1 Bc4 19. Bc7 Re8 20. Bxb6 Bxe2 21. Re1 Bb5 22. Bd5 Bd6 23. Rxe8+ Bxe8 24. Kf1 Kf8 25.
Ke2 Ke7 26. Kd3 Bb5+ 27. Bc4 Bc6 28. Ba6 Ke6 29. Bc4+ Bd5 30. f4 f5 31. Ba7 g6 32. Bb6 Be7 33. Ba7 Kd6 34. Bb8+ Kc6 35. Be5 Bd8 36. Bc3 Bc7 37. Bf6 Ba5 38. Bc3 Bd8 39.
Be5 h5 40. h4 Ba5 41. Bc3 Bc7 42.
Bd2 Be4+ 43. Ke3 Bd5 44. Kd3 Bd8 45. Bc3 Be4+ 46. Ke3 Bb6 47. b3 Bc7 48. Bf6 Kb6 49.
Be5 Bd8 50. Bc3 Be7 51. Bf7 Bc2 52. Kd2 Be4 53. Bxg6 c4 54. bxc4 Bc5 55. Ke2 Kc6 56. Bxh5 Kd6 57. Bf3 Bc2 58. Be5+ Ke7 59. Bd5 Be4 60.
Bxe4 fxe4 61. g4 Ke6 62. Bc3 Be7 63. f5+ Kf7 64. Ke3 Bxh4 65. Kxe4 Bf2 66. Bd4 Bg3 67. c5 Bc7 68. Be5 Bd8 69. Kd5 Ba5 70. g5 Bd8 71. g6+ Ke8 72. c6 Ba5 73. c7 Bxc7 74.
Bxc7 Kf8 75. Be5 Kg8 76. f6 Kf8 77. f7 Ke7 78. Bg7 Kd7 79. f8=Q 1-0

[Event "*** Titled Tuesday Blitz"]
[Site "Chess.com"]
[Date "2019.12.03"]
[Round "8"]
[White "Squirlolz"]
[Black "1977Ivan"]
[Result "0-1"]
[WhiteElo "2652"]
[BlackElo "2797"]
[TimeControl "180+2"]
[EndTime "14:55:21 PST"]
[Termination "1977Ivan won on time"]

1. e4 c6 2. Nf3 d5 3. Nc3 dxe4 4. Nxe4 Nf6 5. Qe2 Na6 6. Nxf6+ gxf6 7. d3 Bg4 8. h3 Bh5 9. Be3 e6 10. g3 Qa5+ 11. Bd2 Nb4 12. g4 Bg6 13. Bc3 Qd8 14.
Bg2 Nd5 15. Bd2 Bd6 16. O-O-O Nf4 17. Bxf4 Bxf4+ 18. Kb1 Qd6 19. Nd2 O-O-O 20. Nc4 Qc7 21.
Rhe1 h5 22. Qf3 hxg4 23. hxg4 Rh2 24. Rh1 Rdh8 25. Rxh2 Rxh2 26. Rh1 Rxh1+ 27. Bxh1 Bg5 28. a3 Qh2 29. Bg2 Qg1+ 30. Ka2 Qc1 31. Kb3 Kc7 32. Na5 Qf4 33. Qxf4+ Bxf4 34. Nc4 Bh2 35. a4 Bg1 36. f3 b6 37. Kc3 Bh2 38. Kd2 Bf4+ 39. Ke2 b5 40.
axb5 cxb5 41. Na3 a6 42. Bf1 Kb6 43. Nb1 Bc1 44. b4 a5 45. bxa5+ Kxa5 46. Nc3 Bb2 47.
Ne4 Kb4 48. Kd2 Be5 49. d4 Bf4+ 50. Kd3 f5 51. gxf5 Bxf5 52. Be2 Ka3 53. c3 Kb2 54.
Bd1 Bg3 55. Ke2 Bxe4 56. fxe4 Kxc3 57. d5 b4 58. Kf3 Bb8 59. dxe6 fxe6 60. Kg4 e5 61.
Kf5 b3 0-1

[Event "*** Titled Tuesday Blitz"]
[Site "Chess.com"]
[Date "2019.12.03"]
[Round "8"]
[White "Region_07"]
[Black "Qvalda"]
[Result "1-0"]
[WhiteElo "2392"]
[BlackElo "2493"]
[TimeControl "180+2"]
[EndTime "14:55:26 PST"]
[Termination "Region_07 won on time"]

1. d4 d5 2. Nf3 Nf6 3. Bf4 c5 4. e3 Nc6 5. h3 Qb6 6. Nc3 a6 7. dxc5 Qxc5 8. Bd3 e6 9. Qe2 Bd6 10. Bxd6 Qxd6 11. O-O e5 12. e4 d4 13. Nb1 Nh5 14. Nbd2 Nf4 15. Qd1 Qg6 16. Nh4 Nxh3+ 17. Kh2 Qh6 18.
gxh3 Qxh4 19. Qf3 Bxh3 20. Qxh3 Qf4+ 21. Qg3 Qxd2 22. Qxg7 O-O-O 23. Rad1 Qf4+ 24. Qg3 Qh6+ 25. Qh3+ Qxh3+ 26. Kxh3 Rd6 27. Kg3 Rg8+ 28. Kf3 Rf6+ 29. Ke2 Rg2 30. c3 h5 31. Bc4 h4 32. Rd3 dxc3 33.
bxc3 Ne7 34. Rf3 Rxf3 35. Kxf3 Rg7 36. Rh1 Ng6 37. Rg1 Kd7 38. Rg5 f6 39. Rg1 Ke7 40.
Bf1 Kf8 41. Bh3 b6 42. Bc8 a5 43. Rb1 Rc7 44. Bf5 Rxc3+ 45. Kg4 Ne7 46. Kxh4 Nxf5+ 47. exf5 Rc6 48. Kh5 Ke7 49. Kg6 Rd6 50. Rc1 Kd7 51. a4 Rd2 52. Kxf6 e4 53. Ke5 Rxf2 54. Kxe4 Ra2 55.
Rc4 Re2+ 56. Kd5 Rd2+ 57. Ke5 Re2+ 58. Kf6 Rg2 59. Kf7 Kd6 60. f6 Kd5 61. Rh4 b5 62. Rh5+ Kc6 63. Rxb5 1-0

[Event "*** Titled Tuesday Blitz"]
[Site "Chess.com"]
[Date "2019.12.03"]
[Round "8"]
[White "albi1999"]
[Black "Sanan_Sjugirov"]
[Result "0-1"]
[WhiteElo "2615"]
[BlackElo "2908"]
[TimeControl "180+2"]
[EndTime "14:55:27 PST"]
[Termination "Sanan_Sjugirov won by checkmate"]

1. d4 Nf6 2. c4 e6 3. Nf3 d5 4. g3 Bb4+ 5. Bd2 Be7 6. Bg2 O-O 7. O-O c6 8. Qc2 b6 9. Rd1 Nbd7 10. b3 Ba6 11. Bc1 Rc8 12. Bb2 Ne4 13. Nc3 f5 14.
e3 Bd6 15. Ne2 Qe7 16. Nf4 g5 17. Nd3 c5 18. dxc5 Ndxc5 19. Nxc5 Rxc5 20. Nd2 Nf6 21. Rac1 Rc7 22. Qb1 dxc4 23. Nxc4 Bxc4 24. bxc4 Ba3 25. Bxa3 Qxa3 26. Qb3 Qe7 27. Rc2 Nd7 28. Qd3 Nc5 29. Qe2 Rd7 30. Rcd2 Rfd8 31. h3 h6 32. Rd4 Kf7 33.
Qd2 Qf6 34. Bc6 Rxd4 35. exd4 Kg7 36. Bg2 Kg6 37. Qc3 e5 38. Bd5 exd4 39. Qxd4 Qxd4 40. Rxd4 Kf6 41. Kf1 Ne6 42. Rd2 Nc7 43. Ke2 Nxd5 44. cxd5 Ke5 45. Rc2 Rxd5 46. Rc6 Ra5 47. Rxh6 Rxa2+ 48. Kf3 Ra3+ 49. Kg2 g4 50. hxg4 fxg4 51. Rh5+ Kf6 52.
Rd5 Ra4 53. Kf1 Ke6 54. Rg5 Rb4 55. Rg6+ Kf5 56. Rc6 a5 57. Ke2 a4 58. Rc8 b5 59.
Ra8 Rb3 60. Ra5 Ke4 61. Ra8 Rb2+ 62. Ke1 Kd3 63. Rg8 Rb1# 0-1

[Event "*** Titled Tuesday Blitz"]
[Site "Chess.com"]
[Date "2019.12.03"]
[Round "8"]
[White "Orest_Vovk"]
[Black "saraswathii"]
[Result "1-0"]
[WhiteElo "2323"]
[BlackElo "2231"]
[TimeControl "180+2"]
[EndTime "14:55:31 PST"]
[Termination "Orest_Vovk won by resignation"]

1. h4 Nf6 2. h5 d6 3. h6 g6 4. Nc3 b6 5. e4 Bb7 6. d3 Nbd7 7. f4 e5 8. g4 d5 9. g5 Ng8 10. f5 dxe4 11. dxe4 gxf5 12. Bg2 Bb4 13. Ne2 f4 14. Rh5 Ne7 15. a3 Bd6 16. Nd5 c6 17. Ndxf4 Nc5 18. Nd3 Qc7 19. Be3 Ne6 20. Qd2 O-O-O 21. O-O-O c5 22.
Qc3 Nd4 23. Ng3 Ng6 24. Kb1 Kb8 25. Rhh1 Rhe8 26. Rhf1 Nf4 27. Nxf4 exf4 28. Bxd4 cxd4 29. Qxc7+ Bxc7 30. Nh5 Bxe4 31. Bxe4 Rxe4 32. Nf6 Re5 33. Nxh7 Rh8 34. Nf6 Rxg5 35. Rxd4 Rxh6 36. Ne8 Be5 37. Rd7 Rhg6 38. Rxf7 Rg1 39. Rxg1 Rxg1+ 40. Ka2 Rg2 41.
Kb3 Re2 42. Nf6 Re3+ 43. c3 Bxf6 44. Rxf6 f3 45. Rf7 a5 46. Kc4 Re2 47. b4 axb4 48. axb4 f2 49. Kb5 Kc8 50. Kxb6 Kd8 51. c4 Ke8 52.
Rf3 Kd7 53. c5 Ke7 54. b5 Re6+ 55. c6 Rf6 56. Rxf6 Kxf6 57. c7 f1=Q 58. c8=Q Qf2+ 59. Qc5 Qe2 60. Qf8+ Kg6 61. Qd6+ Kf7 62. Qd7+ Kf6 63.
Kc7 Qb2 64. b6 1-0

[Event "*** Titled Tuesday Blitz"]
[Site "Chess.com"]
[Date "2019.12.03"]
[Round "8"]
[White "rasmussvane"]
[Black "Bigfish1995"]
[Result "0-1"]
[WhiteElo "2834"]
[BlackElo "3007"]
[TimeControl "180+2"]
[EndTime "14:55:32 PST"]
[Termination "Bigfish1995 won on time"]

1. Nf3 d5 2. g3 Nd7 3. d4 Nb6 4. Nbd2 c6 5. Bg2 Bf5 6. Nh4 Bg4 7. h3 Bh5 8. a4 a5 9. g4 e6 10. Ndf3 Bg6 11. Nxg6 hxg6 12. Qd3 Nf6 13. Bg5 Be7 14. Bxf6 gxf6 15. e4 dxe4 16. Qxe4 f5 17. Qe5 Bf6 18. Qc5 Nd5 19. O-O-O Qc7 20. g5 Bxg5+ 21. Nxg5 Qf4+ 22.
Kb1 Qxg5 23. Bxd5 cxd5 24. Qb5+ Kf8 25. Qxb7 Kg7 26. Rhe1 Qf6 27. Re3 Rhb8 28. Qc7 Rc8 29. Qd7 Rab8 30. Rb3 Qh4 31. Rxb8 Rxb8 32. Qc7 Rb4 33.
Qxa5 Qe7 34. b3 Qb7 35. Kb2 Rb6 36. Rd3 Ra6 37. Qb5 Rb6 38. Qc5 Rc6 39. Qb5 Qc7 40.
Rd2 g5 41. Qe2 Kf6 42. Qh5 Qf4 43. Qe2 Ke7 44. a5 Qc7 45. Qb5 Kf6 46. a6 Rb6 47. Qe2 Ke7 48. Qe3 f4 49. Qd3 Qa7 50. Qc3 Rxa6 51.
Qb4+ Kf6 52. Rd3 Ra2+ 53. Kc3 Qc7+ 54. Qc5 Qxc5+ 55. dxc5 Ke7 56. Rd4 Kd7 57. h4 Kc6 58. hxg5 e5 59. Ra4 Rxa4 60. bxa4 Kxc5 61. Kb3 d4 62. f3 e4 0-1

[Event "*** Titled Tuesday Blitz"]
[Site "Chess.com"]
[Date "2019.12.03"]
[Round "8"]
[White "chesstatour"]
[Black "Walter_White_Poland"]
[Result "1-0"]
[WhiteElo "1963"]
[BlackElo "2272"]
[TimeControl "180+2"]
[EndTime "14:55:36 PST"]
[Termination "chesstatour won by resignation"]

1. c4 c5 2. Nc3 Nc6 3. Nf3 e5 4. d3 f5 5. g3 g6 6. Bg2 Bg7 7.
O-O d6 8. Nd5 Nf6 9. a3 Nxd5 10.
cxd5 Nd4 11. Ne1 O-O 12. e3 Nb5 13. Nc2 Bd7 14. Rb1 a5 15. Bd2 a4 16. b3 Qc7 17. Qe1 axb3 18. Rxb3 Ra4 19. Qb1 c4 20. Rxb5 cxd3 21. Rxb7 dxc2 22. Qb3 Qc8 23. Rc1 Ra8 24. Rxc2 Ba4 25. Rxc8 Bxb3 26. Rxf8+ Bxf8 27. Rxb3 Rc8 28. Rb1 e4 29. Be1 Rc2 30. Bf1 Bg7 31. a4 h5 32.
a5 Ra2 33. h3 g5 34. Bb4 f4 35.
gxf4 gxf4 36. a6 fxe3 37. fxe3 Bh6 38. Re1 Ra4 39. Bc3 Bg7 40. Bxg7 Kxg7 41. Kf2 Kf6 42. Be2 Ke5 43. Rd1 h4 44. Rd4 Ra2 45. Rb4 Kxd5 46. Rb7 Kc6 47. Rh7 d5 48. Rxh4 d4 49.
exd4 Kd5 50. Rh5+ Kxd4 51. Rh7 Ra1 52. h4 Ke5 53. a7 Kf4 54. h5 e3+ 55. Kg2 Ra2 56. Kh3 Kg5 57. h6 Kg6 58. Re7 Kxh6 59.
Kg3 Kg6 60. Kf3 Kf6 61. Rb7 Ra3 62. Bd3 Ke5 63. Kxe3 Kd5 64. Rh7 Kc6 65. a8=Q+ Rxa8 66. Be4+ 1-0

[Event "*** Titled Tuesday Blitz"]
[Site "Chess.com"]
[Date "2019.12.03"]
[Round "8"]
[White "Chesswizard_2007"]
[Black "ehrenfeld"]
[Result "1-0"]
[WhiteElo "2447"]
[BlackElo "2551"]
[TimeControl "180+2"]
[EndTime "14:56:00 PST"]
[Termination "Chesswizard_2007 won by checkmate"]

1. d4 f5 2. c4 Nf6 3. g3 d6 4.
Bg2 g6 5. Nh3 Bg7 6. O-O O-O 7.
d5 c6 8. Nc3 e5 9. dxe6 Bxe6 10.
Qd3 Na6 11. Ng5 Qe7 12. Nxe6 Qxe6 13. Bf4 Rad8 14. Rad1 Nc5 15. Qe3 Qxe3 16. Bxe3 Rfe8 17. Bxc5 dxc5 18. e3 Ng4 19. Rxd8 Rxd8 20. Rd1 Rxd1+ 21. Nxd1 Ne5 22. b3 Nd3 23. e4 Nc1 24. exf5 gxf5 25. Ne3 f4 26. Nf5 Nxa2 27. Nd6 b6 28. Bxc6 fxg3 29.
hxg3 Nc1 30. Ba4 Nd3 31. Nc8 Bd4 32. Nxa7 Nxf2 33. Kg2 Ne4 34. Nc8 Kf7 35. Nxb6 Ke6 36.
Nd5 Ke5 37. Kf3 Nd2+ 38. Kg4 Ne4 39. Ne7 Bf2 40. Nc6+ Kd6 41. Kf3 Nxg3 42. Kxf2 Ne4+ 43. Kg2 Nd2 44. Nd8 Ke5 45. Kf2 Kd4 46. Ne6+ Kc3 47. Nxc5 Nxc4 48. bxc4 Kxc4 49. Nd7 Kb4 50. Bc2 Kc3 51.
Bxh7 Kd4 52. Nf6 Ke5 53. Ng4+ Kd4 54. Ne3 Ke5 55. Kf3 Kd4 56. Kf4 Kc3 57. Ke4 Kd2 58. Bf5 Kc3 59. Kd5 Kd2 60. Kd4 Ke2 61. Nd5 Kf3 62.
Kd3 Kf2 63. Nc3 Kf3 64. Ne2 Kf2 65. Nd4 Kg3 66. Ke3 Kg2 67. Bg4 Kg3 68. Bf3 Kh4 69.
Kf4 Kh3 70. Nf5 Kh2 71. Ke3 Kh3 72. Kf2 Kh2 73. Bg4 Kh1 74. Ng3+ Kh2 75. Nf1+ Kh1 76.
Bf3# 1-0

[Event "*** Titled Tuesday Blitz"]
[Site "Chess.com"]
[Date "2019.12.03"]
[Round "8"]
[White "Azatic"]
[Black "enriquetejedor"]
[Result "1/2-1/2"]
[WhiteElo "2615"]
[BlackElo "2479"]
[TimeControl "180+2"]
[EndTime "14:56:07 PST"]
[Termination "Game drawn by repetition"]

1. e4 c6 2. d4 d5 3. e5 c5 4. dxc5 Nc6 5. Bb5 e6 6. Be3 Ne7 7. c3 Bd7 8. Bxc6 Nxc6 9. Nf3 Qc7 10. Qb3 Na5 11. Qc2 Nc4 12. Bd4 Bxc5 13. O-O h6 14. Bxc5 Qxc5 15. Nbd2 Nxd2 16. Qxd2 O-O 17. Nd4 f6 18. Qe3 Qc7 19. exf6 Rxf6 20. Rae1 Raf8 21. g3 Qb6 22. Qd2 Qd6 23. f4 a6 24. Qe3 Kh8 25.
Qe5 Qxe5 26. Rxe5 Kg8 27. Rfe1 Kf7 28. f5 Re8 29. fxe6+ Bxe6 30. Kg2 Bd7 31. Rxe8 Bxe8 32. Re5 Rd6 33. Nf5 Rd7 34. Nd4 Rd6 35. Nf5 Rd7 36. g4 Kf8 37. Kg3 Bf7 38. h4 d4 39. Nxd4 Bxa2 40. g5 hxg5 41. hxg5 Bf7 42. Rc5 Ba2 43. Kf4 Bb1 44. Rc8+ Kf7 45. Nf3 Ke7 46. Rg8 Kd6 47.
Ne5 Re7 48. Rd8+ Kc7 49. Rd4 Ba2 50. g6 Bb3 51. Rb4 Bd5 52. Rd4 Be6 53. Nd3 Re8 54.
Kg5 Rf8 55. Rf4 Rh8 56. Nc5 Bd5 57. c4 Bg8 58. Rf8 Kd6 59. Nxb7+ Ke7 60. Rb8 Rh2 61. Rxg8 Rg2+ 62. Kf5 Rf2+ 63. Ke5 Re2+ 64. Kd5 Rxb2 65. Rxg7+ Kf6 66. Rc7 Kxg6 67. Nc5 a5 68. Ra7 Ra2 69. Nd7 Kf7 70. Kc5 Ke7 71. Nb6+ Kd8 72. Kb5 Rb2+ 73. Kxa5 Ra2+ 74. Kb5 Rxa7 75. c5 Rh7 76. Kc6 Rh6+ 77. Kb5 Kc7 78. Nd5+ Kb7 79. Nb6 Rg6 80. Nd5 Rh6 81.
Nc3 Rh1 82. Nd5 Rb1+ 83. Kc4 Rc1+ 84. Kb5 Rb1+ 85. Kc4 Kc6 86. Nb4+ Kc7 87. Nd5+ Kc8 88. Nb6+ Kb7 89. Nd5 1/2-1/2

[Event "*** Titled Tuesday Blitz"]
[Site "Chess.com"]
[Date "2019.12.03"]
[Round "8"]
[White "Kostya_Nikologorskiy"]
[Black "kuli4ik"]
[Result "0-1"]
[WhiteElo "2659"]
[BlackElo "2825"]
[TimeControl "180+2"]
[EndTime "14:56:12 PST"]
[Termination "kuli4ik won on time"]

1. d4 g6 2. e4 Bg7 3. Nc3 a6 4.
Be3 b5 5. Bd3 Bb7 6. Nf3 d6 7.
O-O Nd7 8. Qd2 c5 9. Rfe1 c4 10. Bf1 e6 11. d5 e5 12. a4 b4 13. Na2 b3 14. Nc3 bxc2 15. Qxc2 Rc8 16. Nd2 Ngf6 17. Nxc4 Qc7 18. Qb3 Ba8 19. a5 Ng4 20. Bb6 Qb8 21. h3 Ngf6 22. Qb4 Ke7 23. Rac1 Bh6 24. Rc2 g5 25. g4 Bg7 26. Nd1 Nxb6 27. axb6 Nd7 28.
Nde3 Bf8 29. Nf5+ Kf6 30. Rec1 Nc5 31. Nd2 Be7 32. h4 h6 33. Nf3 gxh4 34. N3xh4 Qb7 35. Be2 Qb8 36. f3 Bd8 37. Qd2 Bxb6 38. Kg2 a5 39. Nxh6 Nb3 40. g5+ Kg7 41. N4f5+ Kg6 42. Rxc8 Nxd2 43. Rxb8 Rxb8 44. Nxd6 Bd4 45. Nhxf7 Rxb2 46. Rc8 Nxe4 47. fxe4 Rxe2+ 48. Kg3 Bb7 49. Rg8+ Kh5 50.
Nxb7 Re3+ 51. Kg2 Re2+ 52. Kf1 Rf2+ 53. Ke1 Rxf7 54. Nxa5 Bc3+ 55. Ke2 Bxa5 56. g6 Rf4 57. Kd3 Kh6 58. Ra8 Bb4 59. Ra6 Kg7 60. Re6 Rf3+ 61. Kc4 Bc3 62. d6 Ba5 63. Kd5 Rd3+ 64. Kxe5 Bc3+ 65.
Kf4 Rd1 66. e5 Rd4+ 67. Kf5 Rd5 68. Re7+ Kg8 69. d7 Ba5 70. Kf6 Bd8 71. g7 Rxd7 0-1

[Event "*** Titled Tuesday Blitz"]
[Site "Chess.com"]
[Date "2019.12.03"]
[Round "8"]
[White "chessasuke"]
[Black "Alopekos"]
[Result "0-1"]
[WhiteElo "2619"]
[BlackElo "2503"]
[TimeControl "180+2"]
[EndTime "14:56:24 PST"]
[Termination "Alopekos won by resignation"]

1. e4 e5 2. Nf3 Nc6 3. Bb5 a6 4.
Ba4 Nf6 5. d3 d6 6. O-O Be7 7. c4 O-O 8. h3 Nd7 9. Nc3 Nc5 10.
Bxc6 bxc6 11. d4 exd4 12. Nxd4 Bd7 13. Be3 Bf6 14. Qd2 Re8 15. f3 Rb8 16. b3 g6 17.
Nde2 Ne6 18. Rad1 Bg7 19. c5 Qh4 20. Bf2 Qh5 21. cxd6 cxd6 22. Qxd6 Rbd8 23. Ng3 Qh4 24. Nf5 Qf6 25. Nxg7 Qxg7 26. Na4 c5 27. Qxa6 Ra8 28. Qxa8 Rxa8 29. Rxd7 c4 30. Nb6 Rxa2 31. bxc4 Qb2 32. Nd5 Nc5 33. Rd8+ Kg7 34. Nf4 Nb3 35. c5 Qf6 36.
Rd6 Qxf4 37. Rd3 Nd2 38. Be3 Qc7 39. Rxd2 Rxd2 40. Bxd2 Qxc5+ 41. Kh1 Qc4 42. Rc1 Qe2 43. Bc3+ Kh6 44. Bf6 Qd2 45. Rc6 Qd1+ 46. Kh2 Qd7 47. Ra6 Qb7 48. Rd6 Qb4 49. Be5 Qc5 50. Rd5 Qe7 51.
Bf4+ Kg7 52. e5 h5 53. Rd4 Qc5 54. Re4 Qd5 55. Bg5 Qe6 56. Bf6+ Kh6 57. h4 Qf5 58.
Rd4 g5 59. Bxg5+ Kg7 60. Bf6+ Kg6 61. Rd8 Qf4+ 62. Kh3 Kf5 63. Rg8 Qc1 64. Kh2 Qf4+ 65. Kh3 Qc1 66. Rg5+ Ke6 67. Kg3 Qe1+ 68. Kh3 Qh1+ 69.
Kg3 Qe1+ 70. Kf4 Qxh4+ 71. Ke3 Qe1+ 72. Kd4 Qd2+ 73. Ke4 Qe1+ 74. Kd4 Qd2+ 75. Kc5 Qc2+ 76. Kb5 Qb2+ 77. Kc5 Qc2+ 78. Kb6 Qb2+ 79. Kc7 Qc3+ 80.
Kd8 Qc6 0-1

[Event "*** Titled Tuesday Blitz"]
[Site "Chess.com"]
[Date "2019.12.03"]
[Round "8"]
[White "DeviatkinAndrey"]
[Black "jefferyx"]
[Result "0-1"]
[WhiteElo "2702"]
[BlackElo "2899"]
[TimeControl "180+2"]
[EndTime "14:56:31 PST"]
[Termination "jefferyx won on time"]

1. d4 Nf6 2. Nf3 d5 3. Bg5 Ne4 4. Bf4 c5 5. c3 Nc6 6. e3 Bf5 7. Nbd2 e6 8. Nxe4 Bxe4 9. Nd2 Bg6 10. Be2 Qb6 11. Qb3 c4 12. Qxb6 axb6 13. a3 b5 14. Rc1 f6 15. f3 e5 16. Bg3 Kd7 17. Kf2 exd4 18. exd4 Ne7 19. Bd1 Nc8 20. Bc2 Nb6 21.
h4 Na4 22. h5 Bxc2 23. Rxc2 Be7 24. Nf1 Rhe8 25. Bf4 Kc6 26. Bc1 Bd6 27. Ne3 Re6 28. Nf5 Bf8 29. Re2 Rxe2+ 30. Kxe2 Re8+ 31. Kf2 Kd7 32. g4 Nb6 33. Ne3 Ke6 34. Re1 Kf7 35. Rh1 g6 36. Ng2 Bg7 37. Bf4 Na4 38. Ne3 Rd8 39. hxg6+ hxg6 40. Kg3 Rd7 41. Nd1 Kg8 42. Re1 Kf7 43. Re2 Bf8 44. Kf2 Be7 45. Ne3 Rd8 46. Kg2 Rd7 47. Nd1 Bd8 48. Bc1 Bc7 49. Be3 Rd8 50. Bf2 f5 51. Bg3 f4 52. Bh4 Re8 53. Rxe8 Kxe8 54. Bg5 Kf7 55. Kf2 Bd6 56. Ke2 Nb6 57. Kd2 Na8 58. Bd8 Ke8 59. Bh4 Nc7 60. Nf2 Ne6 61. Nh3 Be7 62. Bf2 Kd7 63. Kc2 Kc6 64. b4 cxb3+ 65. Kxb3 g5 66. Ng1 Nc7 67. Ne2 Na8 68. a4 Nb6 69. axb5+ Kxb5 70. Nc1 Nc4 71. Kc2 Bd6 72. Nd3 Ka4 73. Nb2+ Nxb2 74. Kxb2 b5 75. Be1 b4 0-1

[Event "*** Titled Tuesday Blitz"]
[Site "Chess.com"]
[Date "2019.12.03"]
[Round "8"]
[White "misha_melnichuk"]
[Black "MateusViageiro"]
[Result "1-0"]
[WhiteElo "2477"]
[BlackElo "2191"]
[TimeControl "180+2"]
[EndTime "14:56:33 PST"]
[Termination "misha_melnichuk won on time"]

1. Nf3 Nf6 2. d4 e6 3. c4 b6 4. Nc3 Bb4 5. Qc2 Ba6 6. a3 Bxc3+ 7. Qxc3 O-O 8. b3 d5 9. e3 Nbd7 10. Bb2 Rc8 11. b4 c5 12. dxc5 dxc4 13. cxb6 Nxb6 14.
Be2 Na4 15. Qc2 Nxb2 16. Qxb2 c3 17. Qc2 Bxe2 18. Qxe2 Nd5 19. O-O a5 20. b5 Qb6 21.
a4 Nb4 22. Nd4 e5 23. Nc2 Rfd8 24. Rfd1 Qg6 25. e4 Nxc2 26. Qxc2 Rd4 27. f3 Qd6 28.
Rab1 h5 29. h3 Qc5 30. Kh2 Rcd8 31. Rdc1 Rc4 32. b6 Rb4 33. b7 Qb6 34. Ra1 Rb3 35. Rab1 Rb2 36. Rxb2 cxb2 37. Rb1 Qxb7 38. Rxb2 Qd7 39.
Rb5 Qe7 40. Rxa5 Qg5 41. Rd5 Rb8 42. Qd2 Qf6 43. Rd6 Qe7 44. a5 h4 45. a6 Ra8 46. Rd7 Qf6 47. a7 Kh7 48. Kg1 Qb6+ 49. Kh2 Rxa7 50. Rxa7 Qxa7 51. Qg5 f6 52. Qxh4+ Kg8 53.
Qg4 Qb6 54. h4 Qd6 55. h5 Kh7 56. Qg6+ Kh8 57. Kh3 Qe6+ 58. Kg3 Qe7 59. Kg4 Qe6+ 60. Qf5 Qf7 61. Qg6 Qe6+ 62. Kh4 Qe7 63. g3 f5+ 64. Qg5 Qa3 65. Qxf5 Qa1 66. Kg4 Qc3 67. Qe6 Qa1 68. Kf5 1-0

[Event "*** Titled Tuesday Blitz"]
[Site "Chess.com"]
[Date "2019.12.03"]
[Round "8"]
[White "KRASAVCHIK2002"]
[Black "Alexander_Donchenko"]
[Result "1-0"]
[WhiteElo "2503"]
[BlackElo "2723"]
[TimeControl "180+2"]
[EndTime "14:56:46 PST"]
[Termination "KRASAVCHIK2002 won by checkmate"]

1. e4 c5 2. Nf3 e6 3. d4 cxd4 4. Nxd4 Nf6 5. Nc3 Nc6 6. Ndb5 Bc5 7. Bf4 O-O 8. Bd6 b6 9. Bxc5 bxc5 10. Nd6 Rb8 11. Rb1 Qa5 12. Nc4 Qc7 13. Qd6 Qxd6 14. Nxd6 Ne8 15. Nxe8 Rxe8 16. Bd3 Nb4 17. Kd2 Nxd3 18. cxd3 Ba6 19. Rhc1 d6 20. b3 Rb4 21.
Ne2 f6 22. a3 Rb6 23. b4 Reb8 24. Ra1 cxb4 25. axb4 R8b7 26. Nd4 Kf7 27. Nc6 Rd7 28. b5 Bxb5 29. Nxa7 Ba6 30. Nc8 Rb2+ 31. Ke3 Bb7 32. Na7 d5 33. Nc6 dxe4 34. dxe4 Rb3+ 35. Ke2 Rb2+ 36.
Ke3 Rdd2 37. Ra7 Re2+ 38. Kd3 Kg6 39. Rxb7 Red2+ 40. Kc3 Rxb7 41. Kxd2 Rb2+ 42. Rc2 Rb3 43. Nd4 Rb4 44. Nxe6 Rxe4 45. Nc5 Rh4 46. h3 Rd4+ 47. Ke3 Rd5 48. Nd3 Rg5 49. Nf4+ Kh6 50. Kf3 Ra5 51. Rc3 g5 52. Ne2 Kg6 53. g4 h5 54. Ng3 hxg4+ 55. hxg4 Ra4 56. Ne4 Ra6 57. Ng3 Ra4 58. Nf5 Rb4 59.
Kg3 Ra4 60. f3 Rb4 61. Rc6 Ra4 62. Ne7+ Kf7 63. Nd5 f5 64. Rf6+ Kg7 65. Rxf5 Kg6 66. Ne7+ Kh6 67. Ng8+ Kg6 68. Nf6 Ra1 69. Ne4 Rg1+ 70.
Kf2 Ra1 71. Rxg5+ Kh6 72. Rc5 Ra2+ 73. Kg3 Ra1 74. Kf4 Ra6 75. Rd5 Kg7 76. g5 Ra1 77.
Kf5 Ra8 78. f4 Rf8+ 79. Kg4 Re8 80. Ng3 Kg6 81. f5+ Kg7 82. Rd7+ Kh8 83. g6 Ra8 84.
Kg5 Ra5 85. Rd8+ Kg7 86. Nh5# 1-0

[Event "*** Titled Tuesday Blitz"]
[Site "Chess.com"]
[Date "2019.12.03"]
[Round "8"]
[White "sergoy"]
[Black "rogapa"]
[Result "1-0"]
[WhiteElo "2901"]
[BlackElo "2725"]
[TimeControl "180+2"]
[EndTime "14:57:16 PST"]
[Termination "sergoy won by resignation"]

1. d4 d5 2. c4 e6 3. Nf3 Nf6 4.
Nc3 Be7 5. Bf4 O-O 6. e3 Nbd7 7. c5 b6 8. b4 a5 9. a3 c6 10. h3 Ba6 11. Bxa6 Rxa6 12. b5 cxb5 13. c6 b4 14. Nb5 bxa3 15. O-O Ne4 16. cxd7 Qxd7 17. Nxa3 b5 18.
Qd3 Rb6 19. Nb1 Ra8 20. Nfd2 Nxd2 21. Nxd2 b4 22. Nb3 a4 23. Nc5 Qe8 24. Rfb1 b3 25. e4 dxe4 26. Qxe4 Rb4 27. Nxb3 Bf6 28. Bd2 Rc4 29. Qd3 Rac8 30. Rc1 Qb5 31. Rxc4 Rxc4 32. Rc1 Rxc1+ 33. Nxc1 Qxd3 34. Nxd3 Bxd4 35. Bb4 f5 36. Kf1 Kf7 37. f4 Kf6 38. Bd6 Kf7 39. Ke2 h6 40. h4 Kg6 41. g3 Kh5 42. Kf3 g5 43. hxg5 hxg5 44. Be7 g4+ 45. Ke2 Kg6 46. Bb4 Kf7 47.
Nc5 e5 48. Nxa4 exf4 49. gxf4 Ke6 50. Nc3 Bg1 51. Bf8 Bd4 52. Kd3 Bb6 53. Ne2 Kd5 54. Be7 Bc7 55. Bh4 Bb6 56. Ng3 Ke6 57. Ke2 Bc7 58. Bg5 Bb6 59. Kf1 Bc5 60. Kg2 Bd6 61.
Nh5 Kd5 62. Kg3 Bb8 63. Nf6+ Ke6 64. Ne8 Kd5 65. Nf6+ Ke6 66. Nh5 Kd5 67. Kg2 Bc7 68. Ng3 Ke6 69. Ne2 Bb6 70. Bh4 Be3 71. Bf2 Bd2 72. Bh4 Kd5 73. Bg5 Ke6 74. Nd4+ Kd5 75. Nxf5 Ke4 76. Ng3+ Kd5 77. Kf1 Kd4 78. Ke2 Bc1 79.
Bh6 Kd5 80. Kd3 Ba3 81. Bg5 Bc5 82. Ne4 Bd4 83. Nf6+ Bxf6 84. Bxf6 g3 85. Bh4 g2 86. Bf2 Ke6 87. Ke3 Kf5 88. Kf3 g1=N+ 89. Bxg1 1-0

[Event "*** Titled Tuesday Blitz"]
[Site "Chess.com"]
[Date "2019.12.03"]
[Round "9"]
[White "DangerousPlayer1st"]
[Black "Parhamov"]
[Result "1/2-1/2"]
[WhiteElo "2828"]
[BlackElo "3092"]
[TimeControl "180+2"]
[EndTime "14:59:21 PST"]
[Termination "Game drawn by agreement"]

1. e4 c5 2. Nf3 Nc6 3. d3 g6 4. g3 Bg7 5. Bg2 d6 6. O-O e5 7. Nc3 Nge7 8. Nd5 Nxd5 9. exd5 Ne7 10. c4 Bg4 11. Rb1 O-O 12. a3 a5 13. b4 cxb4 14.
axb4 a4 15. Ba3 b6 16. h3 1/2-1/2

[Event "*** Titled Tuesday Blitz"]
[Site "Chess.com"]
[Date "2019.12.03"]
[Round "9"]
[White "chessasuke"]
[Black "Quiet_Desperation"]
[Result "1-0"]
[WhiteElo "2624"]
[BlackElo "2485"]
[TimeControl "180+2"]
[EndTime "15:01:06 PST"]
[Termination "chessasuke won by resignation"]

1. e4 e6 2. d4 d5 3. Nd2 Nf6 4. e5 Nfd7 5. c3 c5 6. Bd3 Nc6 7. Ne2 cxd4 8. cxd4 f6 9. exf6 Nxf6 10. Nf3 Bd6 11.
O-O Qc7 12. Bd2 O-O 13. Ng3 e5 14. dxe5 Nxe5 15. Nxe5 Bxe5 16. Rc1 Qd6 17. Qb3 a5 18. Be3 Ng4 19. Bc5 Qh6 20. h3 Nxf2 21. Bxf2 Rxf2 22.
Qxd5+ Be6 23. Qxe5 Raf8 24. Rxf2 Qxc1+ 25. Rf1 Rxf1+ 26. Bxf1 1-0